 Dungeon Crawl Stone Soup version 0.24.0-125-gc4c63601f3 (webtiles) character file.

Game seed: 7553475615312640356, levelgen mode: deterministic

18180 Frank2 the Basher (level 12, -20/96 HPs)
             Began as a Demonspawn Gladiator on Mar 5, 2020.
             Was a Priest of Ru.
             Killed from afar by a fire dragon (51 damage)
             ... with a blast of flame
             ... on level 2 of the Lair of Beasts.
             The game lasted 00:27:51 (13869 turns).

Frank2 the Basher (Demonspawn Gladiator)           Turns: 13869, Time: 00:27:52

Health: -20/96     AC: 16    Str: 16    XL:     12   Next: 25%
Magic:  13/13      EV: 24    Int: 10    God:    Ru [***...]
Gold:   744        SH:  0    Dex: 23    Spells: 11/11 levels left

rFire    . . .     SeeInvis .   j - +6 mace (venom)
rCold    . . .     Gourm    .   (shield unavailable)
rNeg     . . .     Faith    .   h - +0 steam dragon scales
rPois    .         Spirit   .   c - +1 helmet
rElec    .         Reflect  .   e - +0 cloak
rCorr    .         Harm     +   o - +2 pair of gloves
MR       .....                  (boots unavailable)
Stlth    +++.......             p - amulet of harm
HPRegen  0.26/turn              (ring unavailable)
MPRegen  0.13/turn              (no ring)

@: agile, about to teleport
A: talons 3, slimy green scales 2, powered by pain 1, spiny 1, missing a hand
a: Draw Out Power, Renounce Religion


You were on level 2 of the Lair of Beasts.
You worshipped Ru.
Ru was most pleased with you.
You were hungry.

You visited 4 branches of the dungeon, and saw 16 of its levels.
You also visited: Volcano.

You collected 744 gold pieces.

Inventory:

Hand Weapons
 j - a +6 mace of venom (weapon)
 C - a +1 whip of electrocution
 E - a cursed -2 whip
Missiles
 D - a throwing net (quivered)
Armour
 c - a +1 helmet (worn)
 e - a +0 cloak (worn)
 h - +0 steam dragon scales (worn)
 o - a +2 pair of gloves (worn)
 F - +0 fire dragon scales
Jewellery
 m - an uncursed ring of fire
 p - an amulet of harm (around neck)
 L - a cursed amulet of regeneration {unknown}
Wands
 g - a wand of disintegration (11)
 s - a wand of digging (11)
 x - a wand of flame (18)
 y - a wand of clouds (4)
 J - a wand of iceblast (11)
 K - a wand of paralysis (3)
Scrolls
 d - 4 scrolls of remove curse
 q - a scroll of magic mapping
 v - a scroll of amnesia
 z - 3 scrolls of teleportation
Potions
 a - 2 potions of heal wounds
 b - 2 potions of might
 i - 4 potions of brilliance
 k - a potion of agility
 l - 2 potions of mutation {unknown}
 n - 4 potions of curing
 r - a potion of flight {unknown}
 t - a potion of berserk rage {unknown}
 u - a potion of ambrosia {unknown}
 A - a potion of resistance
 B - 2 potions of cancellation {unknown}
 G - a potion of degeneration {unknown}
Miscellaneous
 w - a lamp of fire
 H - a phial of floods
Comestibles
 f - 23 rations


   Skills:
 + Level 9.5 Fighting
 + Level 12.9 Maces & Flails
 - Level 1.7 Throwing
 + Level 6.7 Armour
 + Level 8.2 Dodging
 * Level 2.3 Evocations


You had 11 spell levels left.
You didn't know any spells.
Your spell library contained the following spells:

 Spells                   Type           Power        Failure   Level  Hunger
 Apportation              Tloc           #.....       36%         1    ##.....
 Beastly Appendage        Tmut           #.....       36%         1    ##.....
 Flame Tongue             Conj/Fire      #....        36%         1    ##.....
 Magic Dart               Conj           #...         36%         1    ##.....
 Shock                    Conj/Air       #...         36%         1    ##.....
 Summon Butterflies       Summ           #.......     36%         1    ##.....
 Blink                    Tloc           N/A          50%         2    ###....
 Call Imp                 Summ           #.......     50%         2    ###....
 Poisonous Vapours        Pois/Air       #.....       50%         2    ###....
 Searing Ray              Conj           #.....       50%         2    ###....
 Slow                     Hex            #.......     50%         2    ###....
 Sticks to Snakes         Tmut           #.......     50%         2    ###....
 Conjure Flame            Conj/Fire      #.......     75%         3    ####...
 Dazzling Spray           Conj/Hex       #.....       75%         3    ####...
 Ignite Poison            Fire/Tmut/Pois #.......     75%         3    ####...
 Lesser Beckoning         Tloc           #.........   75%         3    ####...
 Mephitic Cloud           Conj/Pois/Air  #.......     75%         3    ####...
 Spider Form              Tmut/Pois      #.........   75%         3    ####...
 Tukima's Dance           Hex            #.......     75%         3    ####...
 Cause Fear               Hex            #.........   98%         4    #####..
 Force Lance              Conj/Tloc      #.......     98%         4    #####..
 Fulminant Prism          Conj/Hex       #.........   98%         4    #####..
 Ice Form                 Ice/Tmut       #.......     98%         4    #####..
 Iskenderun's Mystic Bla  Conj           #.......     98%         4    #####..
 Petrify                  Tmut/Erth      #.......     98%         4    #####..
 Alistair's Intoxication  Tmut/Pois      #.......     100%        5    ######.
 Blade Hands              Tmut           #.........   100%        5    ######.
 Silence                  Hex/Air        #.........   100%        5    ######.
 Yara's Violent Unravell  Hex/Tmut       #.........   100%        5    ######.
 Bolt of Fire             Conj/Fire      #.........   100%        6    #######
 Deflect Missiles         Chrm/Air       #.........   100%        6    #######
 Invisibility             Hex            #.......     100%        6    #######
 Dragon Form              Tmut           #.........   100%        7    #######
 Discord                  Hex            #.........   100%        8    #######
 Dragon's Call            Summ           #.........   100%        9    #######


Dungeon Overview and Level Annotations

Branches:
Dungeon (12/15)            Temple (1/1) D:5            Lair (2/6) D:11
    Orc (1/2) D:9         Volcano (visited)
  Swamp: Lair:2-4    Shoals: Lair:2-4     Snake: Lair:2-4    Spider: Lair:2-4

Altars:
Ashenzari
Cheibriados
Dithmenos
Elyvilon
Fedhas
Gozag
Hepliaklqana
Kikubaaqudgha
Okawaru
Qazlal
Ru
Sif Muna
Trog
Uskayaw
Vehumet
Wu Jian
Xom
Yredelemnul
Zin
The Shining One

Shops:
D:7 :

Annotations:
D:12 Urug


Innate Abilities, Weirdness & Mutations

You have claws for feet.
You are mostly covered in slimy green scales. (AC +3)
You sometimes gain a little power by taking damage.
You are partially covered in sharp spines.
You are missing a hand.


Message History

Found a quarterstaff.
A fire dragon comes into view.
The fire dragon roars deafeningly!
The fire dragon begins to attack, but is stunned by your will!
Found 17 gold pieces.
A fire dragon is nearby!
You enter the shallow water.
Moving in this stuff is going to be slow.
Found a scroll of teleportation and 12 gold pieces.
The fire dragon breathes flames at you. The blast of flame hits you!!!
Ouch! That really hurt!
You focus on the pain.
You feel agile all of a sudden.
As you read the scroll of teleportation, it crumbles to dust.
You feel strangely unstable. The fire dragon breathes flames at you.
The blast of flame hits you!!!
Ouch! That really hurt!
You die...

###≈≈$$..#
#≈≈≈≈≈...#
#≈≈≈≈≈...#
# ..#
#≈≈≈≈≈D.≈#
### ..#
#≈..≈≈§§≈#
P.###..#
#.....§≈≈#
..P#...#
#.)....≈≈#
.......#
#........#
.......#
##...@...#
.......#
#......##
†......#
#......#
#.P....#
##....##
###....#
##..##
##...#
#..# ###.#
#.## #.#
#.# ##.#
##.#


You could see a fire dragon.

Vanquished Creatures
  A red draconian (Volcano)
  A hydra (D:11)
  A two-headed ogre (D:9)
  A centaur warrior (Volcano)
  2 unseen horrors
  An orc knight (Orc:1)
  A deep elf mage (D:10)
  Pikel (D:9)
  An ugly thing (D:12)
  Psyche (D:8)
  A rime drake (Lair:2)
  A komodo dragon (Lair:1)
  2 trolls (D:9)
  Prince Ribbit (D:7)
  A bog body (Lair:2)
  4 hippogriffs
  A shadow (D:9)
  A spriggan (D:7)
  3 yaks (D:11)
  2 wraiths
  Grum (D:9)
  A basilisk (Lair:1)
  4 steam dragons
  A warg (Orc:1)
  A swamp worm (Lair:2)
  2 hell hounds (Lair:1)
  3 porcupines
  5 water moccasins
  6 orc warriors
  A slave (D:9)
  An ice beast (D:9)
  4 phantoms
  2 sky beasts
  11 ogres
  2 necrophages
  2 wolves (D:9)
  14 centaurs
  5 crocodiles
  3 big kobolds (D:9)
  9 bullfrogs
  2 gnoll sergeants (D:9)
  4 scorpions
  A water moccasin skeleton (D:9)
  8 killer bees
  5 crimson imps
  2 howler monkeys
  A quasit (D:10)
  4 bullfrog skeletons
  4 hounds
  A jelly (D:10)
  A gnoll shaman (D:6)
  8 orc priests
  17 orc wizards
  Crazy Yiuf (D:2)
  2 centaur skeletons
  3 iguanas
  5 worker ants
  A killer bee zombie (D:6)
  A hound skeleton (D:5)
  Robin (D:2)
  A howler monkey zombie (D:8)
  A worker ant zombie (D:8)
  20 gnolls
  10 adders
  4 shadow imps
  2 oozes (D:1)
  2 adder zombies
  An adder skeleton (D:2)
  2 worms
  2 dart slugs
  4 leopard geckos
  63 orcs
  3 ball pythons
  6 giant cockroaches
  20 goblins
  8 hobgoblins
  21 jackals
  11 kobolds
  3 quokkas
  7 bats
  6 frilled lizards
  A quokka skeleton (D:7)
  A quokka zombie (D:10)
  7 rats
  A bush (D:2)
385 creatures vanquished.

Vanquished Creatures (others)
  A centaur (D:9)
  An orc (D:12)
2 creatures vanquished.

Grand Total: 387 creatures vanquished

Notes
Turn   | Place    | Note
-------+----------+-------------------------------------------
     0 | D:1      | Frank2 the Demonspawn Gladiator began the quest for the
                  | Orb.
     0 | D:1      | Reached XP level 1. HP: 16/16 MP: 1/1
   313 | D:1      | Gained mutation: You are partially covered in slimy green
                  | scales. (AC +2) [demonic ancestry]
   313 | D:1      | Reached XP level 2. HP: 22/22 MP: 2/2
   333 | D:1      | Reached skill level 3 in Maces & Flails
   501 | D:1      | Reached XP level 3. HP: 18/27 MP: 3/3
  1431 | D:2      | Noticed Robin
  1621 | D:2      | Reached skill level 1 in Armour
  1663 | D:2      | Reached XP level 4. HP: 34/34 MP: 4/4
  1783 | D:2      | Killed Robin
  2008 | D:2      | Reached skill level 4 in Maces & Flails
  2418 | D:2      | Found a runed translucent door.
  2419 | D:2      | Noticed Crazy Yiuf
  2428 | D:2      | Killed Crazy Yiuf
  2428 | D:2      | Gained mutation: You are mostly covered in slimy green
                  | scales. (AC +3) [demonic ancestry]
  2428 | D:2      | Reached XP level 5. HP: 34/39 MP: 5/5
  2770 | D:3      | Noticed a centaur
  2818 | D:3      | Killed a centaur
  3691 | D:3      | Gained mutation: You are partially covered in sharp spines.
                  | [demonic ancestry]
  3691 | D:3      | Reached XP level 6. HP: 40/46 MP: 6/6
  4009 | D:4      | Reached skill level 5 in Maces & Flails
  4220 | D:4      | Gained mutation: You sometimes gain a little power by
                  | taking damage. [demonic ancestry]
  4220 | D:4      | Reached XP level 7. HP: 49/52 MP: 7/7
  4961 | D:5      | Entered Level 5 of the Dungeon
  5002 | D:5      | Found a staircase to the Ecumenical Temple.
  5023 | Temple   | Entered the Ecumenical Temple
  5171 | Temple   | Became a worshipper of Ru the Awakened
  5377 | D:5      | Reached skill level 6 in Maces & Flails
  5436 | D:5      | Gained mutation: You have sharp toenails. [demonic
                  | ancestry]
  5436 | D:5      | Reached XP level 8. HP: 60/60 MP: 8/8
  6134 | D:6      | Reached skill level 7 in Maces & Flails
  6207 | D:6      | Reached skill level 5 in Armour
  6733 | D:7      | Noticed Prince Ribbit
  6739 | D:7      | Gained mutation: You have razor-sharp toenails. [demonic
                  | ancestry]
  6739 | D:7      | Reached XP level 9. HP: 61/67 MP: 9/9
  6743 | D:7      | Reached skill level 8 in Maces & Flails
  6749 | D:7      | Killed Prince Ribbit
  6749 | D:7      | Reached skill level 5 in Fighting
  7001 | D:7      | Reached skill level 5 in Dodging
  7154 | D:7      | Found Docked's Book Shoppe.
  7336 | D:8      | Reached skill level 9 in Maces & Flails
  7713 | D:8      | Noticed Psyche
  7726 | D:8      | Killed Psyche
  7726 | D:8      | Reached XP level 10. HP: 65/76 MP: 10/10
  7958 | D:8      | Killed an unseen horror
  7958 | D:8      | Reached skill level 10 in Maces & Flails
  8456 | D:9      | Found an opulent altar of Gozag.
  8462 | D:9      | Noticed a two-headed ogre
  8470 | D:9      | Killed a two-headed ogre
  8479 | D:9      | Reached skill level 11 in Maces & Flails
  8484 | D:9      | Got a brightly glowing trident
  8489 | D:9      | Got a brightly glowing hand axe
  8574 | D:9      | Found a basalt altar of Yredelemnul.
  8584 | D:9      | Noticed Pikel
  8595 | D:9      | Killed Pikel
  8791 | D:9      | Noticed Grum
  8810 | D:9      | Killed Grum
  8810 | D:9      | Gained mutation: You have claws for feet. [demonic
                  | ancestry]
  8810 | D:9      | Reached XP level 11. HP: 31/84 MP: 11/11
  9088 | D:9      | Found a staircase to the Orcish Mines.
  9440 | D:9      | Identified the +6 trident of a bailey {vamp, rElec Dex+3}
                  | (You found it on level 9 of the Dungeon)
  9441 | D:9      | Identified the +6 hand axe "Newtbane" {chop, rN+++ Str+4
                  | Dex-2} (You found it on level 9 of the Dungeon)
  9775 | D:10     | Entered Level 10 of the Dungeon
  9800 | D:10     | Noticed a deep elf mage
  9832 | D:10     | Killed a deep elf mage
  9929 | D:10     | Gained mutation: You are missing a hand. [Ru sacrifice]
  9929 | D:10     | Reached * piety under Ru
  9929 | D:10     | Reached ** piety under Ru
  9929 | D:10     | Reached *** piety under Ru
  9937 | D:10     | Found a shimmering blue altar of Sif Muna.
 10106 | D:10     | Found a snail-covered altar of Cheibriados.
 10197 | D:10     | Killed an unseen horror
 10543 | D:11     | Noticed a five-headed hydra
 10551 | D:11     | Killed a five-headed hydra
 10551 | D:11     | Reached skill level 12 in Maces & Flails
 10850 | D:11     | You fall into a shaft and drop 1 floor!
 10856 | D:12     | Noticed a brown ugly thing
 10859 | D:12     | Noticed Urug
 10868 | D:12     | Killed a brown ugly thing
 11463 | D:11     | Found a staircase to the Lair.
 11773 | Orc:1    | Entered Level 1 of the Orcish Mines
 11777 | Orc:1    | Noticed an orc knight
 11793 | Orc:1    | Killed an orc knight
 12141 | Lair:1   | Entered Level 1 of the Lair of Beasts
 12299 | Lair:1   | Found a dark tunnel.
 12318 | Volcano  | Entered a volcano
 12369 | Volcano  | Noticed a centaur warrior
 12374 | Volcano  | Killed a centaur warrior
 12374 | Volcano  | Reached XP level 12. HP: 93/95 MP: 12/12
 12379 | Volcano  | Reached skill level 1 in Evocations
 12444 | Volcano  | Noticed a red draconian
 12457 | Volcano  | Killed a red draconian
 12600 | Lair:1   | Identified Sif Muna's Almanac of Mutagenic Air
 13865 | Lair:2   | Noticed a fire dragon
 13869 | Lair:2   | Killed from afar by a fire dragon

Levels and vault maps discovered:
D:1:      shiori_shiawase, layout_loops_corners
D:2:      layout_rooms, first_ration, kennysheep_decorative_pillar,
          minmay_hedge_maze, kennysheep_another_room, grunt_ministairs_6,
          uniq_robin, uniq_crazy_yiuf_cottage
D:3:      layout_loops_ring, serial_rivers, chequers_serial_rivers_room_b,
          chequers_serial_rivers_micro_c, chequers_serial_rivers_micro_b,
          chequers_serial_rivers_micro_a, chequers_serial_rivers_micro_e
D:4:      layout_basic, serial_bayou_ford_a
D:5:      layout_loops_cross, minmay_temple_entry_offerings,
          minmay_misc_feat_diagonals, dk_noncrumbling_4
D:6:      layout_gridville
D:7:      layout_loops_ring, serial_shops, shop, the_bakery, uniq_prince_ribbit1
D:8:      layout_basic, due_unseen_surprise, uniq_psyche
D:9:      cheibrodos_steamvent, layout_cave_pods, yredelemnul_altar_generic,
          kennysheep_orc_monster_closet_entryway, nicolae_gozag_seed_capital,
          uniq_pikel, uniq_grum
D:10:     kennysheep_orc_sif_temple, layout_loops_ring, basic_altar,
          minmay_mirror_moons_of_madness
D:11:     layout_cave_pods, lair_entry_dummy
D:12:     minmay_expanding_circles, layout_irregular_city, uniq_urug
Temple:   roderic_octagonal_lattice_temple
Lair:1:   layout_cave_pods, enter_volcano_3, serial_bayou_shore_b
Lair:2:   dragon1_lemuel, layout_layer_cave,
          nicolae_swamp_entry_splash_gauntlet, grunt_megastairs_3
Orc:1:    layout_diamond_mine, uniq_josephine

Skill      XL: |  1  2  3  4  5  6  7  8  9 10 11 12 |
---------------+-------------------------------------+-----
Maces & Flails | 3 4 5 6 7 9 11 12 | 12.9
Dodging        | 3 4 5 6 7 8 |  8.2
Armour         | 1 2 3 4 5 6 |  6.7
Fighting       | 3 4 6 7 9 |  9.5
Evocations     | 2 |  2.3
Throwing       | |  1.7

Action                   |  1- 3 |  4- 6 |  7- 9 | 10-12 || total
-------------------------+-------+-------+-------+-------++-------
Melee: Flail             |    79 |       |       |       ||    79
       Whip              |    91 |   356 |       |       ||   447
       Mace              |       |    14 |   263 |   381 ||   658
       Kick              |       |       |    46 |   132 ||   178
Throw: Throwing net      |       |     5 |     1 |     2 ||     8
Invok: Reject Sacrifices |       |       |     1 |     1 ||     2
       Sacrifice a Hand  |       |       |       |     1 ||     1
Evoke: Wand              |       |       |       |     1 ||     1
  Use: Scroll            |       |     5 |    12 |    13 ||    30
       Potion            |       |     1 |     2 |     2 ||     5
 Stab: Held in net/web   |       |     1 |       |     3 ||     4
       Sleeping          |       |       |       |     5 ||     5
       Invisible         |       |       |       |     1 ||     1
       Distracted        |       |       |       |     1 ||     1
  Eat: Chunk             |     3 |     8 |    11 |    16 ||    38
       Ration            |       |       |       |     1 ||     1
Armor: Leather armour    |    28 |       |       |       ||    28
       Ring mail         |    36 |    92 |   106 |    17 ||   251
       Steam dragon scal |       |       |       |    73 ||    73
       Fire dragon scale |       |       |       |     7 ||     7
Dodge: Dodged            |   132 |   133 |   167 |   267 ||   699
